General information
- name: BNet
- type: Ladder team game (AT/RT)
- host: Battle.net
- saver: GayStyle
map: Highperch
- players: 6
- length: 171:05
- speed: Fast
- version: 1.26 W3XP
- replay type: Public
» download(639 KB)
Players
team 1 (loser)
fOx.Hk.x (
yellow | 55 APM | 4687 actions | 85:02)
5 Paladin
3 Holy Light
1 Devotion Aura
1 Divine Shield
5 Mountain King
3 Storm Bolt
2 Bash
1 Death Knight
1 Unholy Aura
» actions
| Assign group hotkey | 37 | |
| Basic commands | 61 | |
| Build / train | 156 | |
| Enter build submenu | 61 | |
| Enter hero's abilities submenu | 10 | |
| Remove unit from queue | 2 | |
| Right click | 1343 | |
| Select / deselect | 733 | |
| Select group hotkey | 2134 | |
| Use ability | 150 | |
4687 total
» units
| Peasant | 28 | |
| Footman | 7 | |
| Flying Machine | 37 | |
| Siege Engine | 5 | |
| Sorceress | 2 | |
| Knight | 2 | |
| Spell Breaker | 4 | |
85 total
» upgrades
| Lumber Harvesting | 2 | |
| Barrage | 1 | |
| Magic Sentry | 1 | |
| Gunpowder | 3 | |
| Armor | 2 | |
| Masonry | 1 | |
| Animal War Training | 1 | |
| Flak Cannons | 1 | |
| Flying Machine Bombs | 1 | |
13 total
» buildings
| Altar of Kings | 1 | |
| Farm | 12 | |
| Barracks | 1 | |
| Arcane Vault | 2 | |
| Lumber Mill | 3 | |
| Scout Tower | 37 | |
| Town Hall | 2 | |
| Guard Tower | 25 | |
| Arcane Tower | 3 | |
| Keep | 2 | |
| Blacksmith | 1 | |
| Workshop | 2 | |
| Castle | 2 | |
| Arcane Sanctum | 1 | |
| Gryphon Aviary | 1 | |
95 total
» build order
00:06 Altar of Kings
00:19 Farm
00:37 Barracks
01:02 Farm
01:42 Farm
02:01 Arcane Vault
03:07 Lumber Mill
03:27 Farm
04:05 Scout Tower
04:06 Scout Tower
04:27 Town Hall
04:43 Guard Tower
04:45 Farm
05:10 Guard Tower
06:06 Scout Tower
06:36 Arcane Tower
07:16 Keep
07:28 Scout Tower
07:30 Farm
08:11 Arcane Tower
08:11 Arcane Tower
08:14 Scout Tower
08:15 Scout Tower
09:13 Blacksmith
09:17 Scout Tower
09:18 Scout Tower
09:21 Scout Tower
09:40 Guard Tower
09:41 Guard Tower
09:42 Guard Tower
09:50 Guard Tower
09:51 Guard Tower
10:35 Workshop
10:51 Workshop
11:59 Castle
11:59 Castle
12:03 Arcane Vault
12:49 Arcane Sanctum
13:15 Lumber Mill
13:27 Farm
13:28 Farm
13:29 Farm
13:30 Farm
14:23 Scout Tower
14:40 Scout Tower
14:41 Scout Tower
14:41 Scout Tower
15:15 Guard Tower
15:16 Guard Tower
15:46 Farm
15:47 Farm
16:01 Guard Tower
16:28 Guard Tower
16:29 Scout Tower
16:30 Scout Tower
16:31 Scout Tower
16:59 Guard Tower
17:01 Scout Tower
17:02 Scout Tower
17:09 Guard Tower
17:11 Scout Tower
17:38 Guard Tower
17:38 Guard Tower
17:47 Guard Tower
17:48 Guard Tower
17:58 Guard Tower
17:58 Guard Tower
17:59 Scout Tower
18:07 Scout Tower
18:17 Lumber Mill
19:09 Gryphon Aviary
21:47 Guard Tower
22:03 Town Hall
26:32 Scout Tower
26:32 Scout Tower
26:35 Scout Tower
26:37 Scout Tower
26:40 Scout Tower
27:27 Guard Tower
28:32 Scout Tower
28:33 Scout Tower
28:33 Scout Tower
28:34 Scout Tower
28:34 Scout Tower
28:35 Scout Tower
28:36 Scout Tower
31:43 Scout Tower
31:43 Scout Tower
31:44 Scout Tower
31:45 Scout Tower
» items
| Lesser Clarity Potion | 1 | |
| Scroll of Regeneration | 2 | |
| Dust of Appearance | 1 | |
| Potion of Lesser Invulnerability | 2 | |
6 total
SHOUKRI]THE[GOD (
purple | 104 APM | 4008 actions | 38:40)
5 Death Knight
3 Death Coil
2 Unholy Aura
4 Lich
2 Frost Nova
2 Dark Ritual
» actions
| Assign group hotkey | 156 | |
| Basic commands | 145 | |
| Build / train | 93 | |
| ESC pressed | 1 | |
| Enter build submenu | 29 | |
| Enter hero's abilities submenu | 9 | |
| Give item / drop item | 3 | |
| Right click | 2495 | |
| Select / deselect | 427 | |
| Select group hotkey | 541 | |
| Use ability | 109 | |
4008 total
» units
| Acolyte | 14 | |
| Ghoul | 5 | |
| Crypt Fiend | 10 | |
| Frost Wyrm | 9 | |
| Obsidian Statue | 3 | |
41 total
» upgrades
| Creature Attack | 2 | |
| Burrow | 1 | |
| Web | 1 | |
| Freezing Breath | 1 | |
| Creature Carapace | 2 | |
| Destroyer Form | 1 | |
8 total
» buildings
| Graveyard | 1 | |
| Crypt | 1 | |
| Altar of Darkness | 1 | |
| Ziggurat | 14 | |
| Tomb of Relics | 2 | |
| Nerubian Tower | 9 | |
| Halls of the Dead | 1 | |
| Black Citadel | 2 | |
| Sacrificial Pit | 1 | |
| Boneyard | 2 | |
| Necropolis | 1 | |
| Spirit Tower | 8 | |
| Slaughterhouse | 2 | |
45 total
» build order
00:27 Graveyard
00:38 Crypt
00:44 Altar of Darkness
01:00 Ziggurat
01:20 Ziggurat
01:34 Tomb of Relics
02:45 Nerubian Tower
02:45 Nerubian Tower
02:46 Nerubian Tower
04:03 Halls of the Dead
04:16 Ziggurat
07:46 Ziggurat
07:49 Ziggurat
08:00 Black Citadel
08:00 Black Citadel
08:13 Sacrificial Pit
09:00 Ziggurat
10:27 Boneyard
10:33 Boneyard
13:29 Necropolis
14:06 Ziggurat
14:07 Ziggurat
15:10 Ziggurat
16:10 Nerubian Tower
16:10 Nerubian Tower
16:49 Tomb of Relics
17:17 Spirit Tower
17:18 Spirit Tower
18:42 Slaughterhouse
18:43 Slaughterhouse
19:26 Ziggurat
19:28 Ziggurat
20:05 Ziggurat
20:36 Spirit Tower
20:37 Nerubian Tower
20:37 Nerubian Tower
21:17 Spirit Tower
22:35 Ziggurat
23:15 Ziggurat
26:20 Spirit Tower
26:21 Spirit Tower
» items
| Rod of Necromancy | 1 | |
| Dust of Appearance | 4 | |
| Potion of Healing | 1 | |
| Orb of Corruption | 1 | |
7 total
uNsuCceSsful (
teal | 48 APM | 8177 actions | 171:03)
5 Mountain King
2 Storm Bolt
2 Bash
1 Avatar
4 Pandaren Brewmaster
2 Breath of Fire
1 Drunken Haze
1 Drunken Brawler
4 Paladin
2 Holy Light
2 Devotion Aura
1 Lich
1 Frost Nova
» actions
| Assign group hotkey | 68 | |
| Basic commands | 643 | |
| Build / train | 107 | |
| ESC pressed | 2 | |
| Enter build submenu | 30 | |
| Enter hero's abilities submenu | 14 | |
| Give item / drop item | 11 | |
| Right click | 2693 | |
| Select / deselect | 1554 | |
| Select group hotkey | 2793 | |
| Use ability | 262 | |
8177 total
» units
| Peasant | 20 | |
| Footman | 1 | |
| Rifleman | 5 | |
| Mortar Team | 11 | |
| Razormane Medicine Man | 1 | |
| Flying Machine | 15 | |
| Frost Wyrm | 3 | |
56 total
» upgrades
| Lumber Harvesting | 1 | |
| Flare | 1 | |
| Gunpowder | 2 | |
| Fragmentation Shards | 2 | |
| Armor | 1 | |
| Flak Cannons | 1 | |
8 total
» buildings
| Altar of Kings | 1 | |
| Farm | 16 | |
| Barracks | 1 | |
| Blacksmith | 1 | |
| Scout Tower | 2 | |
| Arcane Vault | 1 | |
| Arcane Tower | 5 | |
| Keep | 5 | |
| Workshop | 2 | |
| Lumber Mill | 2 | |
| Castle | 3 | |
| Town Hall | 2 | |
| Ziggurat | 1 | |
42 total
» build order
00:21 Altar of Kings
00:32 Farm
00:49 Barracks
01:13 Farm
02:07 Blacksmith
02:19 Scout Tower
02:38 Farm
02:42 Arcane Vault
03:17 Farm
04:04 Arcane Tower
04:04 Arcane Tower
05:34 Keep
05:34 Keep
06:13 Farm
06:16 Scout Tower
07:07 Farm
07:10 Arcane Tower
07:10 Arcane Tower
08:19 Workshop
08:21 Workshop
09:54 Farm
11:03 Lumber Mill
11:08 Lumber Mill
12:10 Castle
12:10 Castle
12:30 Farm
12:32 Farm
16:41 Farm
21:02 Town Hall
26:53 Town Hall
32:13 Farm
32:15 Farm
32:17 Farm
32:18 Farm
32:21 Farm
32:22 Farm
33:59 Keep
33:59 Keep
37:13 Castle
44:10 Ziggurat
» items
team 2 (winner)
GayStyle (
orange | 108 APM | 18514 actions | 171:05)
7 Goblin Tinker
3 Pocket Factory
3 Engineering Upgrade
1 Robo-Goblin
1 Blademaster
1 Mirror Image
» actions
| Assign group hotkey | 8335 | |
| Basic commands | 136 | |
| Build / train | 120 | |
| Enter build submenu | 36 | |
| Enter hero's abilities submenu | 8 | |
| Give item / drop item | 8 | |
| Right click | 4871 | |
| Select / deselect | 783 | |
| Select group hotkey | 3490 | |
| Use ability | 727 | |
18514 total
» units
| Peasant | 15 | |
| Dragonhawk Rider | 7 | |
| Sorceress | 3 | |
| Priest | 2 | |
27 total
» upgrades
| Masonry | 3 | |
| Swords | 3 | |
| Armor | 3 | |
| Cloud | 1 | |
| Magic Sentry | 1 | |
| Lumber Harvesting | 1 | |
| Animal War Training | 1 | |
| Sorceress Training | 2 | |
| Priest Training | 2 | |
17 total
» buildings
| Lumber Mill | 2 | |
| Farm | 14 | |
| Altar of Kings | 1 | |
| Scout Tower | 22 | |
| Guard Tower | 38 | |
| Arcane Vault | 2 | |
| Arcane Tower | 1 | |
| Keep | 3 | |
| Blacksmith | 1 | |
| Town Hall | 1 | |
| Castle | 5 | |
| Barracks | 1 | |
| Gryphon Aviary | 7 | |
| Arcane Sanctum | 1 | |
99 total
» build order
00:20 Lumber Mill
00:35 Farm
00:36 Farm
01:05 Altar of Kings
01:25 Scout Tower
01:54 Guard Tower
01:54 Guard Tower
01:54 Guard Tower
01:55 Guard Tower
02:04 Scout Tower
02:08 Scout Tower
02:14 Scout Tower
02:31 Guard Tower
02:31 Guard Tower
02:32 Guard Tower
02:32 Guard Tower
02:44 Guard Tower
02:44 Guard Tower
02:45 Guard Tower
02:45 Guard Tower
02:56 Scout Tower
02:57 Scout Tower
02:58 Scout Tower
03:02 Arcane Vault
03:18 Scout Tower
03:21 Scout Tower
03:23 Scout Tower
03:24 Guard Tower
03:31 Arcane Tower
03:32 Guard Tower
04:05 Guard Tower
04:38 Keep
04:38 Keep
05:02 Guard Tower
05:02 Guard Tower
05:05 Blacksmith
05:21 Scout Tower
05:22 Scout Tower
05:24 Scout Tower
05:27 Scout Tower
05:52 Guard Tower
05:52 Guard Tower
05:52 Guard Tower
06:35 Guard Tower
06:53 Town Hall
07:01 Castle
07:02 Castle
07:02 Castle
07:04 Farm
07:05 Farm
07:05 Farm
07:05 Farm
07:40 Scout Tower
07:41 Scout Tower
07:41 Scout Tower
07:41 Scout Tower
07:42 Scout Tower
07:42 Scout Tower
07:42 Scout Tower
09:44 Barracks
09:51 Gryphon Aviary
09:51 Gryphon Aviary
09:52 Gryphon Aviary
09:53 Gryphon Aviary
11:03 Guard Tower
11:04 Guard Tower
11:04 Guard Tower
11:49 Arcane Sanctum
13:01 Gryphon Aviary
13:49 Lumber Mill
15:46 Guard Tower
17:10 Farm
17:11 Farm
17:11 Farm
17:11 Farm
17:12 Farm
21:26 Farm
21:28 Farm
24:22 Arcane Vault
» items
| Lesser Clarity Potion | 7 | |
| Staff of Teleportation | 1 | |
| Healing Salve | 1 | |
| Scroll of Town Portal | 1 | |
| Orb of Lightning | 1 | |
| Boots of Speed | 2 | |
| Tiny Great Hall | 1 | |
| Potion of Lesser Invulnerability | 1 | |
15 total
IGotTheAnusButt (
blue | 14 APM | 2315 actions | 171:03)
7 Blademaster
3 Wind Walk
3 Critical Strike
1 Bladestorm
» actions
| Assign group hotkey | 154 | |
| Basic commands | 50 | |
| Build / train | 58 | |
| Enter build submenu | 20 | |
| Enter hero's abilities submenu | 7 | |
| Give item / drop item | 6 | |
| Right click | 1047 | |
| Select / deselect | 304 | |
| Select group hotkey | 467 | |
| Use ability | 202 | |
2315 total
» units
| Peon | 10 | |
| Troll Batrider | 9 | |
| Wind Rider | 7 | |
26 total
» upgrades
| Ranged Weapons | 3 | |
| Armor | 2 | |
| Liquid Fire | 1 | |
| Envenomed Spears | 1 | |
7 total
» buildings
| War Mill | 2 | |
| Orc Burrow | 9 | |
| Altar of Storms | 1 | |
| Voodoo Lounge | 2 | |
| Stronghold | 1 | |
| Beastiary | 5 | |
| Fortress | 1 | |
21 total
» build order
00:20 War Mill
00:36 Orc Burrow
00:50 Altar of Storms
01:25 Voodoo Lounge
04:08 Voodoo Lounge
05:04 Stronghold
05:07 Orc Burrow
05:08 Orc Burrow
05:09 Orc Burrow
07:26 Beastiary
07:27 Beastiary
08:50 Beastiary
09:15 Beastiary
10:06 Fortress
10:45 Orc Burrow
10:46 Orc Burrow
10:47 Orc Burrow
10:47 Orc Burrow
10:49 Orc Burrow
12:17 Beastiary
13:18 War Mill
» items
| Healing Salve | 2 | |
| Lesser Clarity Potion | 5 | |
| Scroll of Speed | 1 | |
| Boots of Speed | 1 | |
| Circlet of Nobility | 2 | |
| Scroll of Town Portal | 2 | |
| Orb of Lightning | 1 | |
| Staff of Teleportation | 1 | |
15 total
Known2Own (
red | 11 APM | 1953 actions | 171:03)
4 Archmage
2 Blizzard
2 Brilliance Aura
» actions
| Assign group hotkey | 12 | |
| Basic commands | 36 | |
| Build / train | 104 | |
| ESC pressed | 30 | |
| Enter build submenu | 71 | |
| Enter hero's abilities submenu | 4 | |
| Right click | 928 | |
| Select / deselect | 550 | |
| Select group hotkey | 67 | |
| Use ability | 150 | |
1953 total
» units
| Peasant | 22 | |
| Priest | 1 | |
| Sorceress | 3 | |
| Dragonhawk Rider | 8 | |
| Gryphon Rider | 3 | |
37 total
» upgrades
| Masonry | 3 | |
| Magic Sentry | 1 | |
| Sorceress Training | 1 | |
| Lumber Harvesting | 2 | |
| Storm Hammers | 1 | |
| Animal War Training | 1 | |
| Gunpowder | 1 | |
| Swords | 2 | |
| Armor | 1 | |
13 total
» buildings
| Altar of Kings | 1 | |
| Farm | 15 | |
| Lumber Mill | 2 | |
| Scout Tower | 47 | |
| Guard Tower | 36 | |
| Keep | 1 | |
| Arcane Vault | 1 | |
| Arcane Sanctum | 1 | |
| Gryphon Aviary | 2 | |
| Town Hall | 1 | |
| Castle | 1 | |
| Arcane Tower | 1 | |
| Blacksmith | 1 | |
| Barracks | 1 | |
111 total
» build order
00:24 Altar of Kings
00:28 Farm
00:44 Lumber Mill
00:49 Scout Tower
01:09 Scout Tower
01:13 Farm
01:18 Scout Tower
01:53 Scout Tower
01:53 Scout Tower
01:58 Guard Tower
02:09 Scout Tower
02:10 Scout Tower
02:25 Guard Tower
02:25 Guard Tower
02:25 Guard Tower
02:33 Guard Tower
02:49 Guard Tower
02:49 Guard Tower
02:55 Scout Tower
02:56 Scout Tower
03:02 Guard Tower
03:12 Guard Tower
03:30 Guard Tower
03:32 Scout Tower
03:33 Scout Tower
03:34 Guard Tower
04:08 Guard Tower
04:46 Keep
04:52 Scout Tower
04:52 Scout Tower
04:53 Scout Tower
04:54 Scout Tower
04:54 Scout Tower
04:55 Scout Tower
04:56 Scout Tower
05:30 Guard Tower
05:52 Guard Tower
06:25 Guard Tower
06:27 Scout Tower
06:28 Scout Tower
06:28 Scout Tower
06:29 Scout Tower
06:30 Scout Tower
06:30 Scout Tower
06:31 Scout Tower
06:58 Guard Tower
07:01 Arcane Vault
07:08 Arcane Sanctum
07:15 Gryphon Aviary
07:21 Guard Tower
07:31 Guard Tower
08:23 Gryphon Aviary
08:31 Guard Tower
08:54 Farm
09:18 Scout Tower
09:21 Guard Tower
10:11 Town Hall
10:14 Scout Tower
10:15 Guard Tower
10:36 Farm
10:44 Guard Tower
10:46 Scout Tower
10:47 Scout Tower
11:15 Farm
11:45 Guard Tower
11:51 Scout Tower
11:54 Scout Tower
11:59 Farm
12:41 Castle
13:25 Arcane Tower
16:21 Blacksmith
16:23 Barracks
17:26 Farm
17:33 Farm
18:07 Farm
18:08 Farm
19:01 Guard Tower
19:08 Farm
19:09 Farm
20:36 Farm
22:26 Farm
22:31 Farm
27:36 Lumber Mill
27:41 Scout Tower
27:42 Scout Tower
28:21 Scout Tower
28:37 Scout Tower
28:42 Scout Tower
28:55 Scout Tower
28:59 Guard Tower
29:20 Guard Tower
29:40 Scout Tower
29:52 Scout Tower
29:52 Scout Tower
29:54 Guard Tower
30:14 Guard Tower
30:42 Guard Tower
30:45 Scout Tower
31:22 Guard Tower
31:24 Scout Tower
31:52 Guard Tower
31:56 Scout Tower
31:58 Scout Tower
32:41 Guard Tower
32:51 Guard Tower
33:00 Scout Tower
33:36 Guard Tower
33:39 Scout Tower
33:41 Scout Tower
34:11 Guard Tower
34:12 Guard Tower
» items
| Potion of Healing | 1 | |
| Mechanical Critter | 3 | |
| Orb of Lightning | 1 | |
| Ivory Tower | 4 | |
| Scroll of Town Portal | 1 | |
10 total
Chat log
(00:15 / All) fOx.Hk.x: sec pls
(00:16 / All) Known2Own: what man
(00:19 / All) SHOUKRI]THE[GOD: no its k
(00:24 / All) SHOUKRI]THE[GOD: hf
(13:11 / All) GayStyle: nice mh
(13:19 / All) uNsuCceSsful: lOL
(13:22 / All) uNsuCceSsful: lolol
(13:24 / All) uNsuCceSsful: SURe
(13:56 / All) uNsuCceSsful: td ?
(20:41 / All) uNsuCceSsful: gg
(20:46 / All) uNsuCceSsful: noobs ><
(21:50 / All) uNsuCceSsful: noobs ~~
(21:59 / All) uNsuCceSsful: leave it pliz
(22:06 / All) uNsuCceSsful: go play td :p
(22:13 / All) SHOUKRI]THE[GOD: green td?
(22:15 / All) SHOUKRI]THE[GOD: or yellow?
(22:17 / All) SHOUKRI]THE[GOD: or?
(22:19 / All) uNsuCceSsful: xD
(27:19 / All) uNsuCceSsful: what u think ?
(27:23 / All) IGotTheAnusButt: idk
(27:24 / All) IGotTheAnusButt: what u think
(27:33 / All) uNsuCceSsful: can u still win ?
(27:41 / All) GayStyle: no
(27:43 / All) GayStyle: we lose :(
(27:46 / All) uNsuCceSsful: leave ,
(27:51 / All) uNsuCceSsful: ,?
(28:28 / All) uNsuCceSsful: O M G
(28:31 / All) uNsuCceSsful: RELOU
(30:08 / All) Known2Own: sup
(30:11 / All) Known2Own: USA number 1
(30:20 / All) IGotTheAnusButt: what u think?
(30:21 / All) fOx.Hk.x: lol
(30:30 / All) IGotTheAnusButt: green td?
(30:31 / All) IGotTheAnusButt: or yellow?
(30:50 / All) uNsuCceSsful: how did u bring peon noob ~~
(30:55 / All) GayStyle: zeppelin
(30:57 / All) IGotTheAnusButt: pit lord
(31:20 / All) GayStyle: use DOOM ultimate on a fly unit
(31:23 / All) GayStyle: Come up Here
(31:28 / All) GayStyle: summon your hero to a DOOM LORD
(31:31 / All) IGotTheAnusButt: use pit lord rain of fire in the crater in middle also will work
(34:10 / All) IGotTheAnusButt: wht are you doing
(35:04 / All) IGotTheAnusButt: what are you doing
(35:07 / All) IGotTheAnusButt: what are you trying to do
(35:12 / All) uNsuCceSsful: i got all time
(35:16 / All) IGotTheAnusButt: ok
(38:44 / All) IGotTheAnusButt: byte noobs
(38:45 / All) GayStyle: gg noobs
(38:48 / All) uNsuCceSsful: nono
(39:14 / All) IGotTheAnusButt: is he going to see how we got up
(39:19 / All) IGotTheAnusButt: u can try it if u want
(39:33 / All) IGotTheAnusButt: but
(39:36 / All) IGotTheAnusButt: you are gay noobs
(39:36 / All) IGotTheAnusButt: so
(39:41 / All) IGotTheAnusButt: probably not
(40:07 / All) uNsuCceSsful: btw
(40:11 / All) uNsuCceSsful: ll be a draw
(40:15 / All) GayStyle: how
(40:16 / All) IGotTheAnusButt: no one care european fucker faggot
(40:26 / All) IGotTheAnusButt: hey go
(40:29 / All) IGotTheAnusButt: be really poor
(40:30 / All) IGotTheAnusButt: oh wait
(40:32 / All) IGotTheAnusButt: you already are
(40:36 / All) IGotTheAnusButt: ahahahahaha
(40:57 / All) IGotTheAnusButt: i cant lose nigga
(40:59 / All) IGotTheAnusButt: im chang
(41:00 / All) IGotTheAnusButt: and i cannot die
(41:02 / All) IGotTheAnusButt: i cannot die
(41:04 / All) IGotTheAnusButt: i cannot die
(42:44 / All) IGotTheAnusButt: why will be draw
(42:49 / All) IGotTheAnusButt: do you want to rap battle
(42:51 / All) IGotTheAnusButt: ill start
(43:12 / All) IGotTheAnusButt: lookin from my mountain on your gay ass fiends
(43:23 / All) IGotTheAnusButt: pounding your moms pussy while she scream
(43:29 / All) IGotTheAnusButt: this is highperch nigga and i got all day
(43:36 / All) uNsuCceSsful: same
(43:40 / All) IGotTheAnusButt: sit back with my bm and smoke some yay
(43:47 / All) GayStyle: you should have go on the other mountain
(44:06 / All) IGotTheAnusButt: the other mountain is weak ass fuck
(44:14 / All) IGotTheAnusButt: got some weird clippin issues but with some luck
(44:27 / All) IGotTheAnusButt: your faggot fuck buddy will figure it out
(44:48 / All) IGotTheAnusButt: you need a pit lord if you're gonna hit the mount
(45:39 / All) IGotTheAnusButt: ayyo do you not speak english or are you just real dumb
(45:53 / All) fOx.Hk.x: killyourself pls
(46:03 / All) IGotTheAnusButt: rap battle me idiopt
(47:49 / All) IGotTheAnusButt: rap battle me
(48:55 / All) IGotTheAnusButt: whats it feel like
(49:01 / All) IGotTheAnusButt: to be a gay nigger fuck
(49:08 / All) IGotTheAnusButt: ?
(49:29 / All) IGotTheAnusButt: hey
(49:32 / All) IGotTheAnusButt: why not speak
(49:35 / All) IGotTheAnusButt: cat got ur tongue????????
(49:38 / All) IGotTheAnusButt: u guys talked a lot earlier
(49:40 / All) IGotTheAnusButt: weird huh
(49:44 / All) fOx.Hk.x: go to hell
(49:49 / All) IGotTheAnusButt: my tongue got a cat
(49:51 / All) IGotTheAnusButt: a pussy
(49:52 / All) IGotTheAnusButt: actually
(49:54 / All) IGotTheAnusButt: ur mother pussy
(50:13 / All) uNsuCceSsful: < brb
(50:15 / All) IGotTheAnusButt: i had sex with your eastern european mother
(50:17 / All) IGotTheAnusButt: ok
(50:17 / All) uNsuCceSsful: taking ice cream
(50:20 / All) IGotTheAnusButt: ok m8
(50:29 / All) IGotTheAnusButt: im taking your mother
(50:31 / All) IGotTheAnusButt: from behind
(50:33 / All) IGotTheAnusButt: meanwhikle
(54:43 / All) IGotTheAnusButt: why not come up
(54:45 / All) IGotTheAnusButt: its easy
(54:59 / All) IGotTheAnusButt: are you still afk
(55:04 / All) IGotTheAnusButt: people pretend to afk all the time
(55:07 / All) IGotTheAnusButt: i dont get why
(57:46 / All) IGotTheAnusButt: why sell ur itemss
(57:48 / All) IGotTheAnusButt: ur not afk
(57:49 / All) IGotTheAnusButt: liars
(76:33 / All) uNsuCceSsful: GG
(76:42 / All) GayStyle: gg
(77:14 / All) uNsuCceSsful: noobs
(77:30 / All) GayStyle: your next attack will win
(77:36 / All) GayStyle: hurry up and attack again
(77:43 / All) uNsuCceSsful: cant
(77:46 / All) uNsuCceSsful: no more units
(77:47 / All) uNsuCceSsful: so
(78:06 / All) uNsuCceSsful: nobody ll win this shit
(78:09 / All) GayStyle: omg!!
(78:12 / All) GayStyle: i will win then
(78:19 / All) GayStyle: i wait for a long time
(81:16 / All) GayStyle: nice mh!!
(81:26 / All) uNsuCceSsful: y map hack
(85:02 / All) GayStyle: lagger
(85:14 / All) uNsuCceSsful: i ll let my pc
(85:18 / All) uNsuCceSsful: and go to town
(85:19 / All) uNsuCceSsful: xD
(85:22 / All) GayStyle: ok
(85:24 / All) GayStyle: bye
(85:26 / All) uNsuCceSsful: try to win
(85:30 / All) GayStyle: ok i will
(86:34 / All) uNsuCceSsful: FOUND
(86:38 / All) GayStyle: wat
(86:44 / All) uNsuCceSsful: u r
(86:45 / All) uNsuCceSsful: unit
(86:52 / All) GayStyle: which unit
(87:05 / All) uNsuCceSsful: do u use to tp down
(87:11 / All) uNsuCceSsful: bom
(87:14 / All) GayStyle: how do u mean
(97:18 / All) uNsuCceSsful: ok bye
(97:20 / All) uNsuCceSsful: gl hf
(97:49 / All) uNsuCceSsful: wait
(97:51 / All) uNsuCceSsful: placing
(98:20 / All) uNsuCceSsful: HAVE GUN
(98:22 / All) uNsuCceSsful: fun
(98:23 / All) uNsuCceSsful: bye
(118:48 / All) uNsuCceSsful: re hi :)
(118:53 / All) GayStyle: hi
(118:54 / All) uNsuCceSsful: u brake alot ^^
(119:12 / All) uNsuCceSsful: i
(119:26 / All) uNsuCceSsful: i go for luch
(119:36 / All) uNsuCceSsful: brb 20 mins i think
(119:41 / All) GayStyle: ok
(121:28 / All) uNsuCceSsful: ok c u
(121:32 / All) GayStyle: bye
(121:53 / All) uNsuCceSsful: cu
(121:56 / All) uNsuCceSsful: lunch time
(121:59 / All) GayStyle: fake afk
(122:01 / All) uNsuCceSsful: i place wait
(122:44 / All) uNsuCceSsful: c u ^^
(122:50 / All) GayStyle: c u
(125:17 / All) uNsuCceSsful: i go eat by
(125:23 / All) GayStyle: byebye
(147:55 / All) uNsuCceSsful: LOL
(147:57 / All) uNsuCceSsful: hi again
(148:00 / All) uNsuCceSsful: phew
(148:01 / All) GayStyle: hello
(148:06 / All) GayStyle: i almost win
(148:08 / All) uNsuCceSsful: finished eat $
(148:16 / All) uNsuCceSsful: i go take a shower
(148:29 / All) uNsuCceSsful: u cant win
(148:34 / All) GayStyle: why not
(148:40 / All) uNsuCceSsful: u can t pass
(148:46 / All) uNsuCceSsful: tower are safe
(148:55 / All) GayStyle: no
(149:00 / All) uNsuCceSsful: y !
(149:49 / All) uNsuCceSsful: u see
(149:51 / All) uNsuCceSsful: u cant
(149:55 / All) uNsuCceSsful: and i dont play
(149:57 / All) uNsuCceSsful: lol
(150:01 / All) GayStyle: lOL
(150:02 / All) uNsuCceSsful: brb
(151:27 / All) uNsuCceSsful: ???
(151:28 / All) uNsuCceSsful: LKOL
(151:30 / All) uNsuCceSsful: XD
(151:33 / All) uNsuCceSsful: bm down ?
(151:36 / All) GayStyle: no
(151:41 / All) uNsuCceSsful: Y !!
(151:42 / All) uNsuCceSsful: xD
(151:42 / All) GayStyle: just mirror image
(151:54 / All) uNsuCceSsful: AAHAHAHAHAHAA
(151:57 / All) uNsuCceSsful: BM DOWN
(151:59 / All) uNsuCceSsful: HAHAHAHAHAHA
(152:02 / All) uNsuCceSsful: NOW GL
(152:03 / All) uNsuCceSsful: NOOB
(152:07 / All) GayStyle: i win soon
(152:12 / All) uNsuCceSsful: hahahaha
(152:17 / All) uNsuCceSsful: BO more item
(152:24 / All) GayStyle: whats that mean
(152:30 / All) uNsuCceSsful: no more tp
(152:35 / All) uNsuCceSsful: no more bm
(152:38 / All) uNsuCceSsful: onmy tinker
(152:41 / All) GayStyle: only 1 tower
(152:43 / All) uNsuCceSsful: AHAVE A GOOD LUCK
(152:47 / All) uNsuCceSsful: with tinker
(152:51 / All) uNsuCceSsful: u cant without bm
(152:54 / All) GayStyle: why not
(152:55 / All) uNsuCceSsful: and bm is dead ,
(155:03 / All) uNsuCceSsful: wait
(155:05 / All) uNsuCceSsful: i place
(155:18 / All) uNsuCceSsful: well GL now
(155:49 / All) uNsuCceSsful: gl gl
(165:16 / All) uNsuCceSsful: well
(165:18 / All) uNsuCceSsful: i m afk
(165:24 / All) uNsuCceSsful: gl
(168:50 / All) uNsuCceSsful: so u ll just w8 ?
(168:53 / All) uNsuCceSsful: that i leave ?
(169:04 / All) GayStyle: you will leave
(169:13 / All) uNsuCceSsful: i ll NEver leave ^^
(169:17 / All) GayStyle: liar
(169:22 / All) uNsuCceSsful: oh
(169:23 / All) uNsuCceSsful: no
(169:33 / All) uNsuCceSsful: vacation dude
(169:35 / All) uNsuCceSsful: :)
(169:38 / All) uNsuCceSsful: i got 1 month
(169:42 / All) GayStyle: people always leave
(169:42 / All) uNsuCceSsful: i m in my home
(169:45 / All) uNsuCceSsful: i m rlly ok
(169:47 / All) uNsuCceSsful: ll
(169:50 / All) uNsuCceSsful: c u ^^
(169:55 / All) uNsuCceSsful: and
(169:59 / All) uNsuCceSsful: i got 2 pc :P
(170:28 / All) GayStyle: u leave soon or i win
(170:35 / All) uNsuCceSsful: why ?
(171:01 / All) GayStyle: gg noob